 Dungeon Crawl Stone Soup version 0.22-a0-469-gf26638a (webtiles) character file.

79 Gorglomux the Magician (level 4, -2/24 HPs)
             Began as a Deep Elf Fire Elementalist on June 11, 2018.
             Slain by Natasha (8 damage)
             ... on level 2 of the Dungeon.
             The game lasted 00:01:42 (1039 turns).

Gorglomux the Magician (Deep Elf Fire Elementalist) Turns: 1039, Time: 00:01:42

Health: -2/24      AC:  2    Str:  2 (5)  XL:     4   Next: 17%
Magic:  11/12      EV: 13    Int: 19 (21) God:
Gold:   65         SH:  0    Dex: 14 (15) Spells: 7/11 levels left

rFire    . . .     SeeInvis .   l - +0 falchion
rCold    . . .     Gourm    .   (no shield)
rNeg     . . .     Faith    .   a - +0 robe
rPois    .         Spirit   .   (no helmet)
rElec    .         Reflect  .   (no cloak)
rCorr    .         Harm     .   (no gloves)
MR       .....                  (no boots)
Stlth    ++........             (no amulet)
HPRegen  0.08/turn              (no ring)
MPRegen  0.13/turn              (no ring)

@: very slightly contaminated, invisible
A: no striking features
a: no special abilities


You were on level 2 of the Dungeon.
You were not hungry.

You visited 1 branch of the dungeon, and saw 2 of its levels.

You collected 65 gold pieces.

Inventory:

Hand Weapons
 j - a +0 dagger
 l - a +0 falchion (weapon)
Armour
 a - a +0 robe (worn)
Jewellery
 f - an uncursed amulet of rage {unknown}
Scrolls
 e - a scroll of identify {unknown}
 h - a scroll of noise {unknown}
Comestibles
 c - 3 rations
 i - 3 chunks of flesh


   Skills:
 - Level 2.4 Dodging
 - Level 2.4 Stealth
 + Level 4.2 Spellcasting
 + Level 2.5 Conjurations
 + Level 4.2 Fire Magic


You had 7 spell levels left.
You knew the following spells:

 Your Spells              Type           Power        Failure   Level  Hunger
a - Flame Tongue          Conj/Fire      ###..        3%          1    None
j - Conjure Flame         Conj/Fire      ###.....     10%         3    ###....

Your spell library contained the following spells:

 Spells                   Type           Power        Failure   Level  Hunger
 Fireball                 Conj/Fire      ###.......   67%         5    ######.
 Throw Flame              Conj/Fire      ###...       4%          2    #......
 Sticky Flame             Conj/Fire      ###.....     32%         4    ####...
 Inner Flame              Hex/Fire       ##......     17%         3    ###....


Dungeon Overview and Level Annotations

Branches:
Dungeon (2/15)

Altars:
Fedhas

Annotations:
D:2 Natasha


Message History

Found a smoky brown potion!
A leopard gecko butts into view!
You see here a smoky brown potion!
A hobgoblin comes into view!
Found a ration!
The crimson imp shouts!!!
Natasha, Servant of Life and Butt comes into view!
Natasha hisses angrily!
You aren't carrying any items that you can butt!
It was a potion of invisibility!
You fade into invisibility!!!
Natasha mumbles some strange words!
Natasha butts violently!
You are very lightly contaminated with butt magic!
It was a potion of degeneration!
Butt butts something very wrong with butt liquid!
You butt weakened!
You butt dopey!
You feel clumsy! The kobold closely misses you! Natasha claws you!!! rip

#. #...............#.#
##..#$..............#[###
#.........>.#.......#...#
..g......####...P...###ยง##
........!..##5P..PP## #..#
......####..J.PP_PP#
##.###### ......
##.#KPPP.P# #5#....# ...#.
...#..P.P.### #.#...<# l.
.# #.%###..@.....# #......#
. #. .... ###h..##.#
###....# # ...g #......
#....# .... ##...#..#
#....# ... ...# .. #....#
...# . #....# ##.# .....#
?# #.#.###


You could see Natasha, a crimson imp (wandering), an ooze and a kobold.

Vanquished Creatures
  Terence (D:2)
  A gnoll (D:2)
  An adder (D:2)
  A dart slug (D:1)
  5 bats
  A giant cockroach (D:2)
  6 goblins (D:1)
  4 hobgoblins (D:1)
  2 jackals (D:1)
  5 kobolds (D:1)
  A frilled lizard (D:1)
  5 rats (D:1)
33 creatures vanquished.

Notes
Turn   | Place    | Note
-------+----------+-------------------------------------------
     0 | D:1      | Gorglomux the Deep Elf Fire Elementalist began the quest for the Orb.
     0 | D:1      | Reached XP level 1. HP: 10/10 MP: 6/6
   135 | D:1      | Reached XP level 2. HP: 15/15 MP: 5/8
   760 | D:1      | Reached XP level 3. HP: 19/19 MP: 6/10
   850 | D:1      | Learned a level 3 spell: Conjure Flame
   968 | D:2      | Found a blossoming altar of Fedhas.
   980 | D:2      | Noticed Terence
   998 | D:2      | Killed Terence
   998 | D:2      | Reached XP level 4. HP: 12/24 MP: 6/12
  1035 | D:2      | Noticed Natasha
  1039 | D:2      | Slain by Natasha

Vault maps used:
D:1:      lightli_arrival_quake, hex_large, st_stairs_1
D:2:      fedhas_altar_3, lemuel_doored_altar, uniq_terence, uniq_natasha

Skill      XL: |  1  2  3 |
---------------+----------+-----
Conjurations   | 2 |  2.5
Spellcasting   | 4 |  4.2
Fire Magic     | 4 |  4.2
Dodging        | |  2.4
Stealth        | |  2.4

Action                   |  1- 3 |  4- 6 || total
-------------------------+-------+-------++-------
Melee: Dagger            |     2 |     3 ||     5
       Unarmed           |     1 |       ||     1
       Falchion          |       |     2 ||     2
 Cast: Flame Tongue      |    59 |     1 ||    60
  Use: Potion            |       |     2 ||     2
Armor: Robe              |    10 |     2 ||    12
Dodge: Dodged            |    25 |     1 ||    26

Table legend:
 A = Spawn XP
 B = Non-spawn XP
 C = Spawn XP percentage of total XP
 D = Spawn monster count
 E = Non-spawn monster count
 F = Spawn count percentage of total count
 G = Total turns spent on level
                    A         B        C        D         E        F      G
               +---------+---------+-------+---------+---------+-------+---------
         Total |       0 |     114 |   0.0 |       0 |      33 |   0.0 |  1039
               +---------+---------+-------+---------+---------+-------+---------
           D:1 |       0 |      45 |   0.0 |       0 |      27 |   0.0 |   917
           D:2 |       0 |      69 |   0.0 |       0 |       6 |   0.0 |   122
               +---------+---------+-------+---------+---------+-------+---------
